 Dungeon Sprint DCSS version 0.29-a0-96-g93358da72b (webtiles) character file.

Game seed: 13331884715999057743

46 cyrus the Skirmisher (level 3, -10/49 HPs)
             Began as a Merfolk Fighter on Feb 11, 2022.
             Mangled by a water elemental (18 damage)
             ... in the Dungeon (Sprint III: "The Ten Rune Challenge").
             The game lasted 00:01:18 (274 turns).

cyrus the Skirmisher (Merfolk Fighter)               Turns: 274, Time: 00:01:19

Health: -10/49     AC:  6    Str: 16    XL:     3   Next: 68%
Magic:  3/3        EV:  8    Int:  9    God:
Gold:   0          SH:  5    Dex: 13    Spells: 2/2 levels left

rFire   . . .      SeeInvis .   a - +0 trident
rCold   . . .      Faith    .   c - +0 buckler
rNeg    . . .      Spirit   .   b - +0 scale mail
rPois   .          Reflect  .   (no helmet)
rElec   .          Harm     .   (no cloak)
rCorr   .          Rampage  .   (no gloves)
Will    .....      NoTele   +   (no boots)
Stlth   ..........              (no amulet)
HPRegen 0.16/turn               (no ring)
MPRegen 0.08/turn               (no ring)

@: berserking, engulfed, very quick
A: (nimble swimmer 2), mertail
a: no special abilities


You were in the Dungeon.
You visited 1 branch

Inventory:

Hand Weapons
 a - a +0 trident (weapon)
Missiles
 k - 14 stones (quivered)
Armour
 b - a +0 scale mail (worn)
 c - a +0 buckler (worn)
Scrolls
 j - a scroll of blinking
Potions
 d - a potion of curing
 f - a potion of heal wounds
 g - a potion of haste
 h - 2 potions of magic


   Skills:
 + Level 5.3 Fighting
 + Level 4.7 Polearms
 + Level 0.2 Throwing
 + Level 3.4 Armour
 + Level 4.6 Shields


You had 2 spell levels left.
You didn't know any spells.
Your spell library contained the following spells:

 Spells                   Type           Power      Damage    Failure   Level
 Gell's Gravitas          Tloc           0%         N/A       99%         3
 Lesser Beckoning         Tloc           0%         N/A       99%         3
 Teleport Other           Tloc           0%         N/A       99%         3


Dungeon Overview and Level Annotations

Branches:
Dungeon (1/1)

Altars:


Innate Abilities, Weirdness & Mutations

((You are very nimble when in or above water. (Stealth+, EV+, Speed+++)))
Your lower body shifts to a powerful aquatic tail in water.


Message History

The human hits you.
You hit the human.
The human is almost dead.
The human barely misses you.
You puncture the human!
You kill the human!
Your Fighting skill increases to level 5!
You start resting.
You feel a little less mighty now.
You start resting.
HP restored.
You start waiting.
Done waiting.
As you open the door, it creaks loudly!
A water elemental comes into view.
The water elemental hits you.
The water elemental engulfs you in water!
There is an open door to the Ecumenical Temple here.
A red film seems to cover your vision as you go berserk!
You feel yourself moving faster!
You feel mighty! The water elemental hits you!
You puncture the water elemental!
The water elemental is moderately damaged.
The water elemental hits you!
You puncture the water elemental!
The water elemental is severely damaged.
The water elemental hits you!
* * * LOW HITPOINT WARNING * * *
You hit the water elemental.
The water elemental is severely damaged.
The water elemental hits you.
* * * LOW HITPOINT WARNING * * *
You closely miss the water elemental.
The water elemental is severely damaged.
You barely miss the water elemental.
The water elemental is severely damaged.
The water elemental hits you.
You barely miss the water elemental.
The water elemental is severely damaged.
The water elemental hits you!!
You die...

▓▓ ▓▓▓ .# ♣.# .# ♣♣.#
'#### .♣ ♣..# ...(# .≈♣
♣..###+#+##
....#...≈≈.♣.♣♣.#.......
...)#..≈≈≈≈.♣♣..@E⌠.....
###'#..≈≈≈≈≈≈.♣.#...####
....#.≈≈≈≈≈≈....#.⌠.#
....#.≈≈≈≈≈.....#...#
....#.≈≈≈.......#+###
#####...........#
................#
▓▓▓▓▓▓▓▓▓▓▓▓▓▓▓▓▓


You could see a water elemental.

Vanquished Creatures
  Jessica (D)
  A human (D)
  An endoplasm (D)
  2 rats (D)
5 creatures vanquished.

Notes
Turn   | Place    | Note
-------+----------+-------------------------------------------
     0 | D        | cyrus the Merfolk Fighter began the quest for the Orb.
     0 | D        | Reached XP level 1. HP: 18/18 MP: 1/1
    18 | D        | Noticed Jessica
    28 | D        | Killed Jessica
    29 | D        | Reached skill level 4 in Fighting
    29 | D        | Reached XP level 2. HP: 26/26 MP: 2/2
    29 | D        | Reached XP level 3. HP: 32/32 MP: 3/3
    64 | D        | Reached skill level 5 in Fighting
   266 | D        | Noticed a water elemental
   274 | D        | Mangled by a water elemental

Illustrated notes

Levels and vault maps discovered:
D:        dungeon_sprint_mu [sprint_mu_entry_forest, sprint_mu_temple_rooms,
          sprint_mu_d1_horrors, sprint_mu_d2_genie, sprint_mu_d3_branching,
          sprint_mu_orc_legion, sprint_mu_elf_gauntlet, sprint_mu_hive_nellie,
          sprint_mu_lair_fedhas, sprint_mu_vaults_butterflies,
          sprint_mu_slime_circle, sprint_mu_swamp_cave, sprint_mu_shoals_archi,
          sprint_mu_blade_basic, sprint_mu_crypt_chambers,
          sprint_mu_tomb_spiral, sprint_mu_vestibule_basic,
          sprint_mu_gehenna_hellfire, sprint_mu_dis_giant,
          sprint_mu_tartarus_statrot, sprint_mu_cocytus_islands, sprint_mu_zot1]

Skill      XL: |  1  2  3 |
---------------+----------+-----
Fighting       | 4 5 |  5.3
Polearms       | 4 |  4.7
Armour         | 3 |  3.4
Shields        | 4 |  4.6
Throwing       | |  0.2

Action                   || total
-------------------------++-------
Melee: Trident           ||    19
Throw: Stone             ||     2
  Use: Potion            ||     3
Armor: Scale mail        ||     4
Dodge: Dodged            ||     6

Table legend: (Time is in decaauts)
 A = Elapsed time spent in this place.
 B = Non-inter-level travel time spent in this place.
 C = Inter-level travel time spent in this place.
 D = Time resting spent in this place.
 E = Time spent auto-exploring this place.
 F = Levels seen in this place.
 G = Mean time per level.
                   A        B        C        D        E       F      G
               +--------+--------+--------+--------+--------+-----+--------+
         Total |    274 |    274 |      0 |    190 |      0 |   1 |  274.0 |
       Dungeon |    274 |    274 |      0 |    190 |      0 |   1 |  274.0 |
               +--------+--------+--------+--------+--------+-----+--------+

Top non-repeatable levels by time:
       D: 274 daAuts
